 Dungeon Crawl Stone Soup version 0.29-a0-845-g6161e89988 (webtiles) character file.

Game seed: 13199147098145776701

557632 porpoise the Slayer (level 26, -17/253 (254) HPs)
             Began as a Hill Orc Monk on July 12, 2022.
             Was a Believer of Elyvilon (penitent).
             Demolished by an Ice Fiend (35 damage)
             ... in Pandemonium on July 15, 2022.
             The game lasted 07:45:56 (84350 turns).

porpoise the Slayer (Hill Orc Monk)                Turns: 84350, Time: 07:45:57

HP:   -17/253 (254) AC: 37    Str: 34    XL:     26   Next: 53%
MP:   38/38         EV: 19    Int:  8    God:    Elyvilon [**....]
Gold: 3195          SH: 17    Dex: 21    Spells: 25/25 levels left

rFire   + + +      SeeInvis +   a - +9 eudemon blade (holy)
rCold   . . .      Faith    +   l - +1 kite shield {AC+3}
rNeg    + + .      Spirit   .   L - +5 chain mail of Xaussoesh {rPois Dex+2}
rPois   +          Reflect  .   j - +1 helmet
rElec   +          Harm     .   z - +2 cloak of Immorality {rN+ Slay+2}
rCorr   +          Rampage  .   U - +2 pair of gloves
Will    +++..                   P - +2 pair of boots "Rikh" {rN+ rCorr Str+2 SInv}
Stlth   ..........              t - amulet "Kulo" {Faith Fragile rF+++ Regen+ SInv}
HPRegen 2.92/turn               e - ring of Qopsugu {rElec Will++ Slay+4}
MPRegen 0.26/turn               D - +6 ring of dexterity

@: magic-sapped, studying Necromancy, lightly drained, unable to read
A: regeneration 2, screaming 1, electricity resistance, strong 2, inability to
read while threatened 1
}: 3/15 runes: decaying, slimy, gossamer
a: Renounce Religion


You were in Pandemonium.
You worshipped Elyvilon.
Elyvilon was demanding penance.
You visited 12 branches of the dungeon, and saw 54 of its levels.
You visited Pandemonium 1 time, and saw 1 of its levels.
You also visited: Ossuary, Bailey and Ice Cave.

You collected 8530 gold pieces.
You spent 5335 gold pieces at shops.

Inventory:

Hand Weapons
 a - a +9 eudemon blade of holy wrath (weapon)
 b - the +6 sling "Huveh" {venom, rN+}
   (You found it on level 3 of the Elven Halls)

   Any ammunition fired from it poisons the flesh of those it strikes.
   rN:        It protects you from negative energy.
 w - the +5 quick blade "Giantbane" {freeze, Fly rN+ Dex+9}
   (You took it off a vampire mage on level 3 of the Crypt)

   It freezes those it strikes, dealing additional cold damage.
   It can also slow down cold-blooded creatures.
   Dex:       It affects your dexterity (+9).
   rN:        It protects you from negative energy.
   Fly:       It grants you flight.
Missiles
 d - 12 javelins (quivered)
Armour
 j - a +1 helmet (worn)
 l - a +1 kite shield of protection (worn)
 z - the +2 cloak of Immorality (worn) {rN+ Slay+2}
   (You found it on level 5 of the Pits of Slime)

   Slay:      It affects your accuracy & damage with ranged weapons and melee
   (+2).
   rN:        It protects you from negative energy.
 L - the +5 chain mail of Xaussoesh (worn) {rPois Dex+2}
   (You found it on level 3 of the Vaults)

   Dex:       It affects your dexterity (+2).
   rPois:     It protects you from poison.
 P - the +2 pair of boots "Rikh" (worn) {rN+ rCorr Str+2 SInv}
   (You found it on level 2 of the Crypt)

   Str:       It affects your strength (+2).
   rN:        It protects you from negative energy.
   SInv:      It lets you see invisible.
   rCorr:     It protects you from acid and corrosion.
 U - a +2 pair of gloves (worn)
Jewellery
 e - the ring of Qopsugu (left hand) {rElec Will++ Slay+4}
   (You found it on level 1 of the Depths)

   [ring of slaying]

   Slay:      It affects your accuracy & damage with ranged weapons and melee
   (+4).
   rElec:     It insulates you from electricity.
   Will:      It greatly increases your willpower.
 t - the amulet "Kulo" (around neck) {Faith Fragile rF+++ Regen+ SInv}
   (You acquired it on level 1 of the Depths)

   [amulet of faith]

   It allows you to gain divine favour quickly.
   rF:        It renders you almost immune to fire.
   SInv:      It lets you see invisible.
   Regen:     It increases your rate of health regeneration.
   Fragile:   It will be destroyed if unequipped.
 x - a ring of poison resistance
 D - a +6 ring of dexterity (right hand)
 G - a ring of protection from cold
Wands
 r - a wand of mindburst (26)
 v - a wand of quicksilver (10)
 E - a wand of paralysis (33)
 Q - a wand of roots (34)
Scrolls
 f - 18 scrolls of fog
 g - 6 scrolls of poison
 h - 8 scrolls of magic mapping
 i - 10 scrolls of fear
 n - 2 scrolls of immolation
 p - 11 scrolls of teleportation
 q - a scroll of summoning
 y - a scroll of enchant armour
 H - 5 scrolls of silence
 K - 9 scrolls of vulnerability
Potions
 c - 7 potions of ambrosia
 m - 28 potions of curing
 o - 10 potions of lignification
 A - 5 potions of resistance
 B - 3 potions of attraction
 C - 4 potions of might
 F - 6 potions of haste
 J - 3 potions of cancellation
 Z - 2 potions of invisibility
Miscellaneous
 k - a phantom mirror (inert)
 N - a box of beasts (inert)
 T - a tin of tremorstones (1/2)
 V - a lightning rod (2/4)


   Skills:
 - Level 24.0 Fighting
 - Level 3.8(8.1) Short Blades
 + Level 12.1(12.4) Long Blades
 - Level 9.3(14.0) Axes
 - Level 14.0(14.7) Polearms
 - Level 8.0 Ranged Weapons
 - Level 10.1 Throwing
 - Level 20.0 Armour
 - Level 14.0 Dodging
 - Level 1.5 Stealth
 - Level 18.0 Shields
 + Level 23.6 Invocations
 - Level 16.0 Evocations


You had 25 spell levels left.
You didn't know any spells.
Your spell library contained the following spells:

 Spells                   Type           Power      Damage    Failure   Level
 Apportation              Tloc           0%         N/A       85%         1
 Beastly Appendage        Tmut           0%         N/A       85%         1
 Foxfire                  Conj/Fire      0%         2x1d4     85%         1
 Magic Dart               Conj           0%         1d3       85%         1
 Sandblast                Erth           0%         2d4       85%         1
 Shock                    Conj/Air       0%         1d3       85%         1
 Sting                    Tmut/Pois      0%         1d3       85%         1
 Blink                    Tloc           0%         N/A       94%         2
 Passwall                 Tmut/Erth      0%         N/A       94%         2
 Poisonous Vapours        Pois/Air       0%         N/A       94%         2
 Scorch                   Fire           0%         2d5       94%         2
 Searing Ray              Conj           0%         2d4       94%         2
 Static Discharge         Conj/Air       0%         3-3/arc   94%         2
 Wereblood                Tmut           0%         N/A       94%         2
 Confusing Touch          Hex            0%         N/A       99%         3
 Conjure Flame            Conj/Fire      0%         6-21      99%         3
 Dazzling Flash           Conj/Hex       0%         N/A       99%         3
 Frozen Ramparts          Ice            0%         1d2       99%         3
 Gell's Gravitas          Tloc           0%         N/A       99%         3
 Ignite Poison            Fire/Tmut/Pois 0%         N/A       99%         3
 Inner Flame              Hex/Fire       0%         N/A       99%         3
 Lesser Beckoning         Tloc           0%         N/A       99%         3
 Mephitic Cloud           Conj/Pois/Air  0%         N/A       99%         3
 Ozocubu's Armour         Ice            0%         N/A       99%         3
 Spider Form              Tmut/Pois      0%         N/A       99%         3
 Stone Arrow              Conj/Erth      0%         3d7       99%         3
 Summon Guardian Golem    Hex/Summ       0%         N/A       99%         3
 Swiftness                Air            0%         N/A       99%         3
 Teleport Other           Tloc           0%         N/A       99%         3
 Airstrike                Air            0%         0-1+      100%        4
 Anguish                  Hex/Necr       0%         N/A       100%        4
 Animate Armour           Summ/Erth      0%         N/A       100%        4
 Corpse Rot               Necr/Pois/Air  0%         N/A       100%        4
 Flame Wave               Conj/Fire      0%         2d4       100%        4
 Fulminant Prism          Conj/Hex       0%         3d6       100%        4
 Ice Form                 Ice/Tmut       0%         N/A       100%        4
 Iskenderun's Mystic Bla  Conj/Tloc      0%         2d3       100%        4
 Olgreb's Toxic Radiance  Pois           0%         N/A       100%        4
 Petrify                  Tmut/Erth      0%         N/A       100%        4
 Sticky Flame             Conj/Fire      0%         2d3       100%        4
 Summon Ice Beast         Ice/Summ       0%         N/A       100%        4
 Agony                    Necr           0%         N/A       100%        5
 Alistair's Intoxication  Tmut/Pois      0%         N/A       100%        5
 Blade Hands              Tmut           0%         N/A       100%        5
 Borgnjor's Vile Clutch   Necr/Erth      0%         N/A       100%        5
 Fireball                 Conj/Fire      0%         3d3       100%        5
 Freezing Cloud           Conj/Ice/Air   0%         6-21      100%        5
 Irradiate                Conj/Tmut      0%         3d11      100%        5
 Iskenderun's Battlesphe  Conj           0%         2d6       100%        5
 Lee's Rapid Deconstruct  Erth           0%         3d5*      100%        5
 Lightning Bolt           Conj/Air       0%         1d11      100%        5
 Manifold Assault         Tloc           0%         N/A       100%        5
 Metabolic Englaciation   Hex/Ice        0%         N/A       100%        5
 Silence                  Hex/Air        0%         N/A       100%        5
 Yara's Violent Unravell  Hex/Tmut       0%         3d3       100%        5
 Conjure Ball Lightning   Conj/Air       0%         3x3d6     100%        6
 Eringya's Noxious Bog    Tmut/Pois      0%         N/A       100%        6
 Simulacrum               Ice/Necr       0%         N/A       100%        6
 Starburst                Conj/Fire      0%         6d3       100%        6
 Statue Form              Tmut/Erth      0%         N/A       100%        6
 Summon Cactus Giant      Summ           0%         N/A       100%        6
 Dragon Form              Tmut           0%         N/A       100%        7
 Enfeeble                 Hex            0%         N/A       100%        7
 Orb of Destruction       Conj           0%         9d5       100%        7
 Ozocubu's Refrigeration  Ice            0%         4d5       100%        7
 Spellforged Servitor     Conj/Summ      0%         N/A       100%        7
 Storm Form               Tmut/Air       0%         N/A       100%        7
 Maxwell's Capacitive Co  Air            0%         ∞         100%        8
 Chain Lightning          Conj/Air       0%         N/A       100%        9
 Fire Storm               Conj/Fire      0%         5d1       100%        9
 Polar Vortex             Ice            0%         N/A       100%        9
 Shatter                  Erth           0%         3d5*      100%        9


Dungeon Overview and Level Annotations

Branches:
Dungeon (15/15)            Temple (1/1) D:7            Lair (6/6) D:11
  Swamp (4/4) Lair:2       Spider (4/4) Lair:2        Slime (5/5) Lair:6
    Orc (2/2) D:12            Elf (3/3) Orc:2        Vaults (4/5) D:14
  Crypt (3/3) Vaults:3       Tomb (0/3) Crypt:3      Depths (4/4) D:15
    Zot (3/5) Depths:4    Ossuary (visited)          Bailey (visited)
  IceCv (visited)

Altars:
Ashenzari
Cheibriados
Dithmenos
Elyvilon
Fedhas
Gozag
Hepliaklqana
Kikubaaqudgha
Makhleb
Nemelex Xobeh
Okawaru
Qazlal
Ru
Sif Muna
Trog
Uskayaw
Vehumet
Wu Jian
Xom
Yredelemnul
Zin
The Shining One
Jiyva
Lugonu

Shops:
D:2 [   D:3 *!   D:13 (   Orc:1 (   Orc:2 *=!:   Elf:1 ?   Elf:2 *=*!
Vaults:2 :   Vaults:3 :   Depths:2 !

Portals:
Hell: Depths:1 Depths:2 Depths:3 Depths:4
Abyss: Depths:2 Depths:3
Pandemonium: Depths:2
Ziggurat: Depths:4

Annotations:
Lair:5 3 runed translucent doors, Mysukhlell's ghost, journeyman DrTm
Lair:6 exclusion: oklob plant
Slime:2 exclusion: 2 downstairs
Crypt:1 Zogul's ghost, veteran MiGl
Crypt:3 3 runed translucent doors
Depths:2 3 transporters
Zot:2 Grunn; Xitz's ghost, veteran DsCj


Innate Abilities, Weirdness & Mutations

You heal very quickly.
You occasionally shout uncontrollably at your foes.
You are resistant to electric shocks. (rElec)
Your muscles are very strong. (Str +8, Int/Dex -2)
You occasionally lose the ability to read scrolls when taking damage.


Message History

Press: ? - help, Shift-Dir - straight line, f - Nogejila
Aim: Nogejila (slightly transparent)
The thunderbolt hits Nogejila.
Nogejila resists.
Nogejila is lightly wounded.
The thunderbolt hits the large abomination!
The large abomination is lightly damaged.
The thunderbolt hits the tormentor but does no damage.
The thunderbolt hits the sun demon.
The sun demon resists.
The sun demon is lightly wounded.
The thunderbolt hits the Ice Fiend.
The Ice Fiend is lightly wounded.
You hear a roar!
The tormentor says, "I'll crush your bones, one by one."
The orange demon misses you. You block the Ice Fiend's attack.
The Ice Fiend claws you but does no damage.
Aiming: Thunderbolt
Press: ? - help, Shift-Dir - straight line, f - Ice Fiend
Aim: an Ice Fiend (lightly wounded)
The thunderbolt hits the tormentor!!
The tormentor is heavily wounded.
The thunderbolt hits the large abomination!
The large abomination is heavily damaged.
The thunderbolt hits the sun demon.
The sun demon resists.
The sun demon is lightly wounded.
The thunderbolt hits the Ice Fiend!
The Ice Fiend is lightly wounded.
The Ice Fiend claws you.
* * * LOW HITPOINT WARNING * * *
The Ice Fiend freezes you!!!
* * * LOW HITPOINT WARNING * * *
You block the Ice Fiend's attack.
The orange demon stings you but does no damage.
The balrug gestures at you. Something smites you!
* * * LOW HITPOINT WARNING * * *
You feel much better. The orange demon misses you.
The Ice Fiend closely misses you. The Ice Fiend claws you!
* * * LOW HITPOINT WARNING * * *
The Ice Fiend freezes you!!
You die...

.... # ... .# ##.. ##.#
... ...# ## ##..
2&##...#'#
..######....###2X.....3.
#..............432.....3
###......#### #1#
#...###### #@# #.### #∩#
#.# #.# #.##### #.#
......# ####.####
^.....# #.......#
......#######.......#
###............†....#
###########.......#


You could see Nogejila (invisible), an Ice Fiend, a reaper, a balrug, a sun
demon, an orange demon, a large abomination and a tormentor.

Vanquished Creatures
  A dread lich (Crypt:2)
  An ancient lich (Crypt:2)
  Sojobo (Crypt:1)
  A royal mummy (Depths:3)
  The ghost of Uroast the Impregnable, a veteran MiGl of Hepliaklqana (Crypt:3)
  A Killer Klown (Zot:3)
  2 curse toes (Zot:3)
  2 golden dragons
  The ghost of Ruyty the Fighter, an adept DsGl of Nemelex Xobeh (Vaults:2)
  Jory (Crypt:2)
  A doom hound (Zot:2)
  3 bone dragons
  A Tzitzimitl (Zot:3)
  Rupert (D:12)
  4 tentacled monstrosities
  4 deep elf blademasters
  3 liches
  2 deep elf master archers (Elf:3)
  3 quicksilver dragons (Zot:1)
  6 death cobs
  An Executioner (Pan)
  33 acid blobs
  9 ancient champions
  5 sphinxes
  Gastronok (D:12)
  5 shadow dragons
  A thorn hunter (Swamp:4)
  4 draconian monks
  17 rockslimes
  A fenstrider witch (Swamp:2)
  2 deep elf sorcerers (Elf:3)
  14 azure jellies
  A demonspawn warmonger (Pan)
  Roxanne (D:14)
  An iron dragon (Depths:4)
  4 draconian scorchers
  9 vault wardens
  4 fire giants
  A draconian knight (Zot:1)
  4 emperor scorpions
  A revenant (Crypt:3)
  4 frost giants
  5 ghost moths
  A cacodemon (Pan)
  An orc warlord (Vaults:3)
  9 ghouls
  A balrug (Pan)
  3 deep elf elementalists (Elf:3)
  2 curse skulls
  The ghost of jlumianski the Unforgettable, a journeyman DsFi of Hepliaklqana (Swamp:1)
  A draconian stormcaller (Zot:1)
  14 ironbound preservers
  8 quicksilver oozes
  3 draconian annihilators
  2 reapers (Crypt:2)
  2 war gargoyles (Vaults:4)
  2 caustic shrike skeletons (Crypt:3)
  5 stone giants
  19 very ugly things
  A spriggan defender (Depths:2)
  2 juggernaut skeletons (Crypt:3)
  7 ironbound thunderhulks
  6 broodmothers (Spider:4)
  3 green draconians
  10 vampire knights
  A putrid mouth (Zot:3)
  4 deep elf demonologists
  5 purple draconians
  5 yellow draconians
  3 black draconians
  5 entropy weavers
  2 bunyips
  4 deep elf annihilators
  2 white draconians
  An eleionoma (Swamp:3)
  Azrael (Spider:3)
  9 dire elephants
  7 spark wasps
  6 red draconians
  3 eidola (Crypt:1)
  4 ettins
  The ghost of Guh Rysug the Carver, a journeyman DsGl of Okawaru (D:15)
  5 deep elf death magi
  3 yaktaur captains
  7 fire dragons
  A shambling mangrove (D:10)
  Harold (Lair:1)
  7 jiangshi
  2 spriggan zombies
  Josephine (D:13)
  4 mummy priests (Depths:3)
  3 rakshasas
  2 deep elf high priests (Elf:3)
  8 great orbs of eyes
  A peacekeeper (Vaults:4)
  10 ironbound frosthearts
  A juggernaut simulacrum (Crypt:3)
  11 boulder beetles
  12 vault guards
  5 death knights
  30 hydras
  3 ghost crabs
  2 catoblepae
  A spriggan skeleton (Crypt:3)
  2 spriggan air magi
  3 ice dragons
  7 centaur warriors
  An ogre mage (D:15)
  21 death yaks
  36 dancing weapons
  5 radroaches
  Erica (Lair:1)
  2 tengu warriors
  6 two-headed ogres
  13 alligators
  11 vampire magi
  A deep troll earth mage (Depths:3)
  3 deep troll shamans (Depths:4)
  An orc high priest (Orc:2)
  Urug (Orc:1)
  5 spriggan berserkers
  A sun demon (D:15)
  Nergalle (Orc:1)
  25 deep elf knights
  3 soul eaters
  A hell knight (Depths:4)
  8 pharaoh ants
  13 skeletal warriors
  An iron troll (Depths:4)
  An anaconda zombie (Crypt:3)
  2 sun moths
  6 flayed ghosts
  A storm dragon skeleton (Crypt:3)
  5 goliath frogs
  10 shadow wraiths
  2 sixfirhies (Pan)
  A sea snake (shapeshifter) (Depths:3)
  12 orb spiders
  10 steelbarb worms
  5 bog bodies
  3 shadow demons (Depths:2)
  27 deep trolls
  A shadow dragon zombie (Crypt:1)
  Pikel (D:7)
  2 spriggan druids
  4 glowing orange brains (Slime:5)
  10 swamp dragons
  An obsidian statue (D:15)
  6 wizards
  A lindwurm (Vaults:2)
  7 orc knights
  8 phantasmal warriors
  35 deep elf pyromancers
  31 deep elf zephyrmancers
  6 ironbound convokers
  5 necromancers
  21 deep elf archers
  8 shining eyes
  A shadow dragon skeleton (Crypt:1)
  23 ugly things
  15 moths of wrath
  4 oklob plants
  21 wolf spiders
  4 manticores
  6 cyclopes
  5 orc sorcerers
  4 will-o-the-wisps
  A stone giant skeleton (Crypt:2)
  A dire elephant zombie (Crypt:3)
  16 vault sentinels
  3 eyes of devastation
  Maurice (Orc:1)
  6 elephants (Lair:6)
  Joseph (Lair:1)
  4 black mambas
  An ice statue (IceCv)
  24 cane toads
  5 torpor snails
  A rust devil (D:15)
  A catoblepas zombie (Crypt:3)
  3 gargoyles
  2 efreet (D:15)
  2 naga skeletons
  A centaur skeleton (Crypt:3)
  10 unseen horrors
  7 demonic crawlers
  A hellion (Pan)
  7 rime drakes
  A red draconian zombie (Crypt:2)
  23 yaktaurs
  A purple draconian skeleton (Crypt:1)
  10 freezing wraiths
  15 komodo dragons
  An anaconda simulacrum (Crypt:3)
  An ice devil (Pan)
  2 catoblepas skeletons (Crypt:2)
  A hellwing (D:15)
  4 tormentors
  A harpy zombie (Crypt:3)
  5 guardian mummies
  A golden dragon simulacrum (Crypt:3)
  9 meliai
  2 tengu conjurers (D:12)
  A death yak skeleton (Crypt:1)
  4 trolls
  A bloated husk (Swamp:3)
  8 polar bears
  35 tarantellas
  A moth of wrath zombie (Crypt:2)
  12 hornets
  134 slime creatures
  10 tyrant leeches
  6 dream sheep
  33 blink frogs
  Prince Ribbit (Bailey)
  3 air elementals
  31 jumping spiders
  A shadow (D:11)
  A black mamba zombie (Crypt:1)
  A large abomination (Pan)
  13 spriggans
  A centaur simulacrum (Crypt:3)
  6 wyverns
  2 black mamba skeletons (Crypt:3)
  3 fire bats (Lair:1)
  3 vampires (Crypt:3)
  A wind drake zombie (Crypt:3)
  A fire dragon skeleton (Crypt:1)
  28 culicivoras
  A water elemental (Depths:1)
  A dire elephant simulacrum (Crypt:1)
  Eustachio (D:4)
  73 yaks
  11 wraiths
  6 fire elementals
  A steam dragon (D:4)
  A human (Bailey)
  5 basilisks
  2 death yak simulacra (Lair:6)
  5 golden eyes
  2 chaos spawn
  56 redbacks
  Menkaure (D:6)
  9 vampire mosquitoes
  3 wargs (Orc:1)
  A water nymph zombie (Crypt:2)
  13 swamp worms
  10 water moccasins
  3 hell hounds (Spider:3)
  7 swamp drakes
  A water nymph skeleton (Crypt:3)
  40 orc warriors
  2 ice beasts
  A sky beast (D:7)
  3 black bears
  An elephant zombie (Crypt:3)
  7 ogres
  A boggart (Vaults:2)
  7 centaurs
  28 wolves
  An elephant skeleton (Crypt:1)
  2 phantoms
  A kobold brigand (D:5)
  A rime drake skeleton (Crypt:1)
  A yaktaur zombie (Crypt:3)
  A naga simulacrum (Crypt:3)
  A scorpion (D:5)
  2 earth elementals
  24 bullfrogs
  3 necrophages
  A yaktaur skeleton (Crypt:3)
  8 wights
  A hornet simulacrum (D:14)
  A polar bear zombie (Crypt:3)
  29 killer bees
  3 elephant simulacra (Lair:6)
  A shapeshifter skeleton (Crypt:2)
  2 howler monkeys (D:11)
  3 electric eels (D:10)
  A yak skeleton (Crypt:2)
  A raiju skeleton (Crypt:1)
  The ghost of coolguy69 the Sneak, a weakling VSMo (D:3)
  A centaur zombie (Ossuary)
  3 quasits (D:15)
  2 wolf skeletons (Crypt:2)
  A crimson imp (D:15)
  2 jellies
  3 human zombies (Ossuary)
  4 hounds
  2 iron imps (D:15)
  27 orc priests
  A basilisk skeleton (Crypt:1)
  3 gnoll boudas
  An iguana (D:4)
  41 orc wizards
  3 naga zombies (Crypt:3)
  A boggart simulacrum (D:11)
  14 mummies
  10 adders
  20 gnolls
  A steam dragon zombie (Crypt:3)
  A white imp (D:4)
  2 ufetubi
  2 adder zombies (Ossuary)
  A lava snake zombie (Crypt:3)
  A worm zombie (D:4)
  5 worms
  3 dart slugs
  119 orcs
  7 ball pythons
  6 bats
  14 endoplasms
  3 giant cockroaches
  3 hobgoblins
  7 jackals
  8 kobolds
  A quokka (D:1)
  A ball python skeleton (Crypt:3)
  3 frilled lizards
  11 goblins
  2 goblin zombies (Ossuary)
  11 hobgoblin zombies (Ossuary)
  2 jackal zombies (Ossuary)
  9 kobold zombies (Ossuary)
  6 orc zombies (Ossuary)
  A quokka skeleton (Crypt:1)
  3 rats
  A rat zombie (Ossuary)
  A briar patch (Swamp:4)
  A fungus (Lair:6)
2224 creatures vanquished.

Vanquished Creatures (collateral kills)
  the Royal Jelly (Slime:5)
  A Tzitzimitl (Depths:2)
  A tentacled monstrosity (Swamp:4)
  An acid blob (Slime:5)
  A sphinx (Vaults:2)
  A shadow dragon (Depths:4)
  A tengu reaver (Depths:4)
  Donald (Vaults:2)
  A storm dragon (Depths:4)
  A rockslime (Slime:5)
  A fire giant (Depths:4)
  3 deep elf sorcerers (Elf:3)
  A draconian knight (Depths:4)
  A draconian stormcaller (Depths:4)
  An ironbound preserver (Vaults:2)
  2 ironbound thunderhulks (Vaults:1)
  2 deep elf demonologists (Elf:3)
  2 dire elephants (Vaults:1)
  4 deep elf annihilators (Elf:3)
  2 red draconians (Depths:4)
  3 deep elf death magi (Elf:3)
  An ettin (Vaults:2)
  A fire dragon (Depths:4)
  A deep elf high priest (Elf:3)
  3 centaur warriors (Vaults:2)
  4 vault guards
  An ogre mage (D:14)
  3 dancing weapons
  A deep elf knight (Elf:2)
  8 deep trolls
  A glowing orange brain (shapeshifter) (Elf:3)
  An ironbound convoker (Vaults:2)
  A harpy (Vaults:2)
  2 ugly things (Vaults:1)
  2 deep elf pyromancers
  A manticore (D:14)
  2 vault sentinels
  An efreet (D:14)
  4 yaktaurs
  A meliai (shapeshifter) (D:14)
  A slime creature (Slime:5)
  An orc warrior (Orc:1)
  4 orcs (Orc:1)
  A goblin (D:14)
78 creatures vanquished.

Vanquished Creatures (others)
  An ancient lich (Crypt:1)
  A draconian knight (Zot:1)
  A draconian stormcaller (Zot:3)
  A flayed ghost (Crypt:2)
  3 deep elf zephyrmancers
  An orange demon (D:15)
  A large abomination (D:15)
  A tengu conjurer (Depths:2)
  A hornet (Swamp:3)
  2 bloated husks
  A slime creature (Slime:3)
  A water elemental (Elf:1)
  3 vampire mosquitoes (Swamp:2)
  A swamp worm (Swamp:2)
  An orc warrior (Orc:1)
  A necrophage (Crypt:2)
  An orc priest (Orc:2)
  An iron imp (D:15)
  A mummy (Crypt:3)
  A shadow imp (D:15)
  A white imp (D:15)
  An orc (Vaults:4)
  A bush (Lair:4)
  30 foxfires
  31 fungi
  173 plants
262 creatures vanquished.

Grand Total: 2564 creatures vanquished

Notes
Turn   | Place    | Note
-------+----------+-------------------------------------------
     0 | D:1      | porpoise the Hill Orc Monk began the quest for the Orb.
     0 | D:1      | Reached XP level 1. HP: 19/19 MP: 1/1
    93 | D:1      | Got Jijaz's Tractate on Wicked Deeds and Pyromania
   162 | D:1      | Reached XP level 2. HP: 26/27 MP: 2/2
   514 | D:2      | Reached skill level 4 in Fighting
   635 | D:2      | Reached XP level 3. HP: 15/33 MP: 3/3
  1058 | D:2      | Reached XP level 4. HP: 32/41 MP: 4/4
  1133 | D:2      | Found Numowit's Armour Emporium.
  1651 | D:3      | Reached skill level 5 in Polearms
  1654 | D:3      | Found Juwn's Distillery.
  1672 | D:3      | Bought a potion of heal wounds for 65 gold pieces
  1672 | D:3      | Bought a potion of heal wounds for 65 gold pieces
  1672 | D:3      | Bought a potion of curing for 39 gold pieces
  1809 | D:3      | Found a runed translucent gate.
  1810 | D:3      | Found a runed translucent gate.
  1810 | D:3      | Found a runed translucent gate.
  1812 | D:3      | Noticed coolguy69's ghost (weakling VSMo)
  1867 | D:3      | Found Meshack's Assorted Antiques.
  1877 | D:3      | Bought a scroll labelled RUITUTAISE for 27 gold pieces
  1877 | D:3      | Bought a scroll labelled XUCWAR XUSUIJO for 27 gold pieces
  2320 | D:3      | Found a shadowy altar of Dithmenos.
  2351 | D:4      | Reached XP level 5. HP: 32/47 MP: 5/5
  2417 | D:4      | Found a sand-covered staircase.
  2419 | D:4      | Noticed a steam dragon
  2457 | Ossuary  | Entered an ossuary
  2541 | Ossuary  | Reached skill level 5 in Fighting
  2954 | Ossuary  | Reached XP level 6. HP: 56/56 MP: 6/6
  3273 | D:4      | Killed a steam dragon
  3274 | D:4      | Reached skill level 6 in Fighting
  3274 | D:4      | Reached XP level 7. HP: 59/63 MP: 7/7
  3293 | D:4      | Found a hide-covered altar of Uskayaw.
  3399 | D:4      | Noticed Eustachio
  3422 | D:4      | Killed Eustachio
  3423 | D:4      | Reached skill level 1 in Short Blades
  3483 | D:4      | Found a sparkling altar of Nemelex Xobeh.
  4043 | D:5      | Entered Level 5 of the Dungeon
  4239 | D:5      | Reached XP level 8. HP: 69/71 MP: 8/8
  4392 | D:5      | Reached skill level 7 in Fighting
  4476 | D:5      | Found a burning altar of Makhleb.
  4778 | D:5      | Reached skill level 10 in Polearms
  5253 | D:6      | Noticed Menkaure
  5262 | D:6      | Killed Menkaure
  5315 | D:6      | Reached XP level 9. HP: 77/79 MP: 9/9
  6026 | D:6      | Found an ornate altar of the Wu Jian Council.
  6341 | D:7      | Found the +7 staff of the Meek {protect, meekguard}
  6435 | D:7      | Noticed Pikel
  6469 | D:7      | Killed Pikel
  6627 | D:7      | Reached XP level 10. HP: 35/86 MP: 10/10
  6754 | D:7      | Found a staircase to the Ecumenical Temple.
  6818 | D:8      | Reached skill level 1 in Armour
  6827 | D:8      | Found a blossoming altar of Fedhas.
  6969 | D:8      | Found a flagged portal.
  6987 | Bailey   | Entered a bailey
  7108 | Bailey   | Reached skill level 8 in Fighting
  7191 | Bailey   | Noticed a vault guard
  7191 | Bailey   | Noticed Prince Ribbit
  7212 | Bailey   | Killed a vault guard
  7215 | Bailey   | Killed Prince Ribbit
  7216 | Bailey   | Reached skill level 9 in Fighting
  7216 | Bailey   | Reached skill level 5 in Armour
  7597 | D:8      | Reached skill level 1 in Shields
  7713 | D:8      | Found a shimmering blue altar of Sif Muna.
  7811 | Temple   | Entered the Ecumenical Temple
  7941 | Temple   | Became a worshipper of the Shining One
  7941 | Temple   | Reached * piety under the Shining One
  7941 | Temple   | Reached ** piety under the Shining One
  8037 | D:8      | Reached skill level 1 in Invocations
  8201 | D:8      | Found a hazy altar of Hepliaklqana.
  8201 | D:8      | Found an ancient bone altar of Kikubaaqudgha.
  8259 | D:8      | Found a stormy altar of Qazlal.
  8747 | D:9      | Reached XP level 11. HP: 90/97 MP: 13/13
  8919 | D:9      | Reached skill level 5 in Invocations
  9348 | D:10     | Entered Level 10 of the Dungeon
  9455 | D:10     | Found a white marble altar of Elyvilon.
  9611 | D:10     | Reached skill level 5 in Shields
  9690 | D:10     | Noticed a two-headed ogre
  9703 | D:10     | Killed a two-headed ogre
 10126 | D:10     | Reached skill level 1 in Evocations
 10283 | D:10     | Found a sacrificial altar of Ru.
 10511 | D:11     | Noticed a boulder beetle
 10540 | D:11     | Killed a boulder beetle
 10848 | D:11     | Found a staircase to the Lair.
 10848 | D:11     | Noticed an oklob plant
 10852 | D:11     | Noticed a shambling mangrove
 10852 | D:11     | an oklob plant changed into a shambling mangrove
 11181 | D:11     | Identified the ring "Pesom" {Fly rN+}
 11189 | D:11     | Noticed a cyclops
 11198 | D:11     | Reached *** piety under the Shining One
 11205 | D:11     | Killed a cyclops
 11307 | D:11     | Noticed a centaur warrior
 11318 | D:11     | Killed a centaur warrior
 11319 | D:11     | Reached skill level 10 in Fighting
 11319 | D:11     | Reached skill level 5 in Dodging
 11326 | D:11     | Reached XP level 12. HP: 68/106 MP: 17/17
 11398 | D:11     | Noticed a boulder beetle
 11421 | D:11     | Killed a boulder beetle
 11637 | Lair:1   | Entered Level 1 of the Lair of Beasts
 11659 | Lair:1   | Noticed Harold
 11688 | Lair:1   | Killed Harold
 11875 | Lair:1   | Reached skill level 5 in Evocations
 11996 | Lair:1   | Noticed Erica
 12011 | Lair:1   | Reached skill level 11 in Fighting
 12016 | Lair:1   | Killed Erica
 12112 | Lair:1   | Noticed Joseph
 12131 | Lair:1   | Killed Joseph
 13134 | Lair:1   | Identified a scroll of acquirement
 13134 | Lair:1   | Acquired a manual of Dodging
 13145 | Lair:2   | Found a staircase to the Swamp.
 13160 | Lair:2   | HP: 4/112 [komodo dragon (19)]
 13161 | Lair:2   | Reached skill level 12 in Fighting
 13548 | Lair:2   | Found a hole to the Spider Nest.
 13613 | Lair:2   | Reached skill level 10 in Invocations
 13691 | Lair:2   | Reached XP level 13. HP: 98/118 MP: 20/20
 14959 | D:3      | Bought a potion of heal wounds for 65 gold pieces
 14959 | D:3      | Bought a potion of heal wounds for 65 gold pieces
 15010 | D:3      | Bought a spiked ring mail for 243 gold pieces
 15010 | D:3      | Identified the +5 ring mail "Veoxzil" {Int+7 Slay-6} (You
                  | bought it in a shop on level 3 of the Dungeon)
 15286 | D:7      | Found a glowing silver altar of Zin.
 15593 | D:10     | Killed a shambling mangrove
 15698 | D:12     | Noticed Gastronok
 15718 | D:12     | Killed Gastronok
 15819 | D:12     | Noticed Rupert
 15822 | D:12     | Paralysed by Rupert for 5 turns
 15827 | D:12     | HP: 3/119 [Rupert/+2 battleaxe of venom (20)]
 15829 | D:12     | HP: 1/119 [Rupert/+2 battleaxe of venom (4)]
 15861 | D:12     | Killed Rupert
 16179 | D:12     | You are sucked into a shaft and drop 2 floors!
 16198 | D:14     | Reached **** piety under the Shining One
 16205 | D:14     | Reached skill level 13 in Fighting
 17198 | D:12     | Identified the +9 trident of the Holding Blowfly {freeze,
                  | Drain rPois Stlth+}
 17736 | D:12     | Found a staircase to the Orcish Mines.
 17933 | D:13     | Reached skill level 10 in Armour
 17955 | D:13     | Reached XP level 14. HP: 25/130 MP: 16/23
 18066 | D:13     | Reached skill level 14 in Fighting
 18171 | D:13     | Found Doceiwont's Weapon Emporium.
 18171 | D:13     | Noticed Josephine
 18187 | D:13     | Killed Josephine
 18187 | D:13     | Reached ***** piety under the Shining One
 18647 | D:14     | Reached skill level 5 in Throwing
 18647 | D:14     | Reached XP level 15. HP: 139/139 MP: 24/24
 18813 | D:14     | Reached skill level 10 in Dodging
 18820 | D:14     | Paralysed by an ogre mage for 5 turns
 19091 | D:14     | Acquired 1241 gold pieces
 19270 | D:14     | Noticed Roxanne
 19360 | D:14     | Found a gate to the Vaults.
 19544 | D:14     | Found a shimmering altar of Xom.
 19582 | D:14     | Identified the +6 glaive of Dullness {vorpal, Int+4}
 19830 | D:15     | Entered Level 15 of the Dungeon
 19848 | D:15     | Reached skill level 15 in Fighting
 20107 | D:15     | Found a runed translucent gate.
 20107 | D:15     | Found a runed translucent gate.
 20107 | D:15     | Found a runed translucent gate.
 20107 | D:15     | Noticed Guh Rysug's ghost (journeyman DsGl)
 20526 | D:15     | Found a staircase to the Depths.
 21182 | D:15     | Killed Guh Rysug's ghost
 21622 | Orc:1    | Entered Level 1 of the Orcish Mines
 21636 | Orc:1    | Noticed Maurice
 21659 | Orc:1    | Killed Maurice
 21756 | Orc:1    | Found Gyuc's Weapon Shoppe.
 21784 | Orc:1    | Noticed Nergalle
 21850 | Orc:1    | Killed Nergalle
 22207 | Orc:1    | Noticed Urug
 22225 | Orc:1    | Killed Urug
 22253 | Orc:1    | Reached XP level 16. HP: 132/149 MP: 21/25
 22692 | Orc:2    | Entered Level 2 of the Orcish Mines
 22796 | Orc:2    | Found a staircase to the Elven Halls.
 23154 | Orc:2    | Reached ****** piety under the Shining One
 23471 | Orc:2    | Found Vicly's Distillery.
 23471 | Orc:2    | Found Daskocag's Assorted Antiques.
 23491 | Orc:2    | Found Paeklo's Jewellery Boutique.
 23498 | Orc:2    | Found Mavut's Book Shop.
 23623 | Orc:2    | Bought a viscous inky potion for 27 gold pieces
 23623 | Orc:2    | Bought a crooked bone wand for 120 gold pieces
 23623 | Orc:2    | Bought a runed wooden wand for 120 gold pieces
 23625 | Orc:2    | Bought a potion of heal wounds for 70 gold pieces
 23625 | Orc:2    | Bought a potion of resistance for 140 gold pieces
 23625 | Orc:2    | Bought a potion of curing for 42 gold pieces
 23625 | Orc:2    | Bought a potion of curing for 42 gold pieces
 23625 | Orc:2    | Bought a potion of might for 56 gold pieces
 23625 | Orc:2    | Bought a potion of curing for 42 gold pieces
 23855 | Orc:2    | Bought a +4 ring of slaying for 1248 gold pieces
 25073 | Lair:4   | You fall into a shaft and drop 1 floor!
 26313 | Lair:5   | Found a runed translucent gate.
 26313 | Lair:5   | Found a runed translucent gate.
 26313 | Lair:5   | Found a runed translucent gate.
 26315 | Lair:5   | Noticed Mysukhlell's ghost (journeyman DrTm)
 26761 | Lair:6   | Entered Level 6 of the Lair of Beasts
 27208 | Lair:6   | Reached XP level 17. HP: 124/156 MP: 27/27
 27223 | Lair:6   | Found a frozen archway.
 27265 | IceCv    | Entered an ice cave
 27994 | IceCv    | Reached skill level 16 in Fighting
 28093 | IceCv    | Got the Treatise on Icy Toxicity
 28111 | Lair:6   | Reached skill level 15 in Invocations
 28907 | Lair:6   | Identified the +5 dagger "Taubikki" {vorpal, Dex+8 Stlth-}
 29430 | Lair:6   | Found a viscous altar of Jiyva.
 29431 | Lair:6   | Found a staircase to the Slime Pits.
 29647 | Swamp:1  | Entered Level 1 of the Swamp
 30047 | Swamp:1  | Found a runed translucent door.
 30047 | Swamp:1  | Noticed jlumianski's ghost (journeyman DsFi)
 30360 | Swamp:2  | You fall into a shaft and drop 1 floor!
 30479 | Swamp:3  | Reached skill level 10 in Shields
 30721 | Swamp:3  | Reached skill level 17 in Fighting
 31089 | Swamp:2  | Paralysed by a fenstrider witch for 5 turns
 31769 | Swamp:4  | Entered Level 4 of the Swamp
 32023 | Swamp:3  | Reached XP level 18. HP: 156/170 MP: 30/30
 32113 | Swamp:4  | Noticed a tentacled monstrosity
 32244 | Swamp:4  | Killed a tentacled monstrosity
 32864 | Swamp:4  | Reached skill level 18 in Fighting
 33152 | Swamp:4  | Got a decaying rune of Zot
 33290 | Spider:1 | Entered Level 1 of the Spider Nest
 35948 | Spider:2 | Reached skill level 15 in Armour
 36574 | Spider:3 | Reached XP level 19. HP: 179/179 MP: 0/31
 36710 | Spider:3 | Noticed Azrael
 36723 | Spider:3 | Killed Azrael
 38322 | Spider:4 | Entered Level 4 of the Spider Nest
 38724 | Spider:4 | Upgraded the game from 0.29-a0-830-gcb1280458a to
                  | 0.29-a0-838-g385bb11a5b
 39531 | Spider:4 | Identified the +3 falchion "Kurol" {vorpal, Int+6}
 40025 | Spider:4 | HP: 6/181 [meliai/divine providence (13)]
 40482 | Spider:4 | Got a gossamer rune of Zot
 40871 | Vaults:1 | Entered Level 1 of the Vaults
 41048 | Vaults:1 | Reached skill level 19 in Fighting
 41652 | Vaults:1 | Reached XP level 20. HP: 104/191 MP: 33/33
 43160 | Vaults:2 | Found a runed translucent door.
 43160 | Vaults:2 | Noticed Ruyty's ghost (adept DsGl)
 43528 | Vaults:2 | Reached skill level 20 in Fighting
 43605 | Vaults:2 | Noticed Donald
 43620 | Vaults:2 | Killed Donald
 43696 | Vaults:2 | Found Huhi's Book Boutique.
 43831 | Vaults:2 | Reached skill level 10 in Throwing
 45426 | Vaults:3 | Paralysed by a sphinx for 4 turns
 45823 | Vaults:3 | Reached skill level 10 in Evocations
 45862 | Vaults:3 | Reached XP level 21. HP: 174/201 MP: 34/34
 46013 | Vaults:3 | Found Yhyoqu's Book Emporium.
 46124 | Vaults:3 | Found a staircase to the Crypt.
 46550 | Vaults:3 | Identified the +5 chain mail of Xaussoesh {rPois Dex+2}
 47334 | Vaults:4 | Paralysed by a sphinx for 2 turns
 47401 | Vaults:4 | Identified the +2 leather armour of the Dungeon {rElec
                  | Str+3}
 47692 | Vaults:4 | Identified the +0 robe "Utisaonush" {rF+++ rN+++ Int-4
                  | Dex-2}
 49138 | Swamp:1  | Killed jlumianski's ghost
 49414 | Orc:2    | Bought a ring of willpower for 400 gold pieces
 49748 | Elf:1    | Entered Level 1 of the Elven Halls
 49867 | Orc:1    | Bought 5 javelins for 60 gold pieces
 49983 | Elf:1    | Identified the +6 leather armour "Asish" {Str+6 Slay-3 SInv
                  | Stlth+}
 50504 | Elf:1    | Reached skill level 15 in Shields
 50699 | Elf:1    | Reached skill level 21 in Fighting
 50800 | Elf:1    | Found Quriyb's Magic Scroll Boutique.
 50840 | Elf:1    | Bought a scroll of teleportation for 48 gold pieces
 50840 | Elf:1    | Bought a scroll of fog for 64 gold pieces
 50840 | Elf:1    | Bought a scroll of enchant weapon for 120 gold pieces
 51704 | Elf:2    | Paralysed by an air elemental for 1 turns
 51715 | Elf:2    | Paralysed by an air elemental for 1 turns
 51719 | Elf:2    | Paralysed by an air elemental for 1 turns
 51728 | Elf:2    | Paralysed by an air elemental for 1 turns
 51968 | Elf:2    | Found Beajinoutah's Assorted Antiques.
 51977 | Elf:2    | Bought a jade ring for 160 gold pieces
 51986 | Elf:2    | Found an ancient bone altar of Kikubaaqudgha.
 52011 | Elf:2    | Found Xygieffu's Jewellery Shoppe.
 52012 | Elf:2    | HP: 9/204 [deep elf archer/arrow (15)]
 52207 | Elf:2    | Identified the +9 quarterstaff of Ydoucrol {holy, Dex+7}
 52212 | Elf:2    | Paralysed by an air elemental for 1 turns
 52215 | Elf:2    | Paralysed by an air elemental for 1 turns
 52218 | Elf:2    | Paralysed by an air elemental for 1 turns
 52385 | Elf:1    | Reached XP level 22. HP: 195/213 MP: 35/35
 52678 | Elf:2    | Found Uthosch's Distillery.
 52682 | Elf:2    | Bought a potion of might for 60 gold pieces
 52682 | Elf:2    | Bought a potion of heal wounds for 75 gold pieces
 52682 | Elf:2    | Bought a potion of haste for 150 gold pieces
 52682 | Elf:2    | Bought a potion of cancellation for 120 gold pieces
 52730 | Elf:2    | Found Zijiblam's General Store.
 52734 | Elf:2    | Bought a potion of heal wounds for 85 gold pieces
 53267 | Elf:2    | Found a runed translucent gate.
 53267 | Elf:2    | Found a runed translucent gate.
 53267 | Elf:2    | Found a runed translucent gate.
 53281 | Elf:2    | Reached skill level 22 in Fighting
 54533 | Elf:3    | Entered Level 3 of the Elven Halls
 54994 | Elf:3    | Identified the +1 robe of the Cooper {Will+ Slay+5}
 55007 | Elf:3    | Identified the ring "Axauckih" {Wiz rN++ Str-3}
 55318 | Elf:3    | Paralysed by an air elemental for 1 turns
 55322 | Elf:3    | Paralysed by an air elemental for 1 turns
 55439 | Elf:3    | Found a radiant altar of Vehumet.
 55580 | Elf:3    | Got the Compendium of Gritty Left-Handed Liturgies
 55617 | Elf:3    | Identified the +3 scale mail "Faegh" {Harm rElec rC-}
 55619 | Elf:3    | Identified the +6 sling "Huveh" {venom, rN+}
 55620 | Elf:3    | Identified the ring of Tesuv {rN+ MP+9}
 56322 | Elf:3    | Identified the +7 arbalest "Subestriub" {elec, Str-4 Dex+9}
 57094 | Depths:1 | Entered Level 1 of the Depths
 57123 | Depths:1 | Found an opulent altar of Gozag.
 57235 | Depths:1 | Identified the ring of Qopsugu {rElec Will++ Slay+4}
 57251 | Depths:1 | Found a gateway to Hell.
 57520 | Depths:1 | Acquired the amulet "Kulo" {Faith Fragile rF+++ Regen+
                  | SInv}
 57556 | Depths:1 | Found a hide-covered altar of Uskayaw.
 57956 | Depths:1 | Reached XP level 23. HP: 206/224 MP: 37/37
 58738 | Depths:2 | Found a transporter.
 58738 | Depths:2 | Found a transporter.
 58746 | Depths:2 | Found a transporter.
 58754 | Depths:2 | Found a transporter.
 58842 | Depths:2 | Found a one-way gate to the infinite horrors of the Abyss.
 59407 | Depths:2 | Found Xocw's Distillery.
 59526 | Depths:2 | Found a one-way gate leading to the halls of Pandemonium.
 59708 | Depths:2 | Reached skill level 15 in Evocations
 59988 | Depths:2 | Found a shadowy altar of Dithmenos.
 59988 | Depths:2 | Found the ring of Shadows {Umbra +Inv Stlth+}
 59988 | Depths:2 | Found the +2 cloak of the Thief {*Fog Slay-2 SInv Stlth+}
 60265 | Depths:3 | Reached skill level 23 in Fighting
 61070 | Depths:3 | Noticed a royal mummy
 61086 | Depths:3 | Killed a royal mummy
 61423 | Depths:4 | Entered Level 4 of the Depths
 61930 | Depths:4 | Found a one-way gateway to a ziggurat.
 62260 | Depths:4 | Found a gate to the Realm of Zot.
 62272 | Depths:4 | Reached skill level 24 in Fighting
 63928 | Vaults:2 | Killed Ruyty's ghost
 63943 | Vaults:2 | Identified a +3 eudemon blade of holy wrath (a +1 demon
                  | blade of venom blessed by the Shining One)
 63943 | Vaults:2 | Received a gift from the Shining One
 64314 | D:10     | Fell from the grace of the Shining One
 64314 | D:10     | Became a worshipper of Elyvilon the Healer
 64314 | D:10     | Reached * piety under Elyvilon
 64314 | D:10     | Reached ** piety under Elyvilon
 64314 | D:10     | Reached *** piety under Elyvilon
 64314 | D:10     | Reached **** piety under Elyvilon
 64602 | D:3      | Killed coolguy69's ghost
 64988 | D:14     | Killed Roxanne
 65124 | D:15     | Reached skill level 1 in Long Blades
 65183 | D:15     | Upgraded the game from 0.29-a0-838-g385bb11a5b to
                  | 0.29-a0-841-g116ddc6ace
 65790 | Crypt:1  | Entered Level 1 of the Crypt
 65797 | Crypt:1  | Noticed Sojobo
 65823 | Crypt:1  | Paralysed by an air elemental for 1 turns
 65825 | Crypt:1  | Paralysed by an air elemental for 1 turns
 65829 | Crypt:1  | Killed Sojobo
 65973 | Crypt:1  | Reached XP level 24. HP: 196/207 MP: 37/37
 66677 | Crypt:1  | Reached skill level 5 in Long Blades
 66997 | Crypt:2  | Identified the +0 robe of Jydwipte {Harm}
 67342 | Crypt:2  | Identified the +5 shortbow of Riughu {venom, rPois rF+
                  | Int-3 Dex+6}
 67608 | Crypt:2  | Noticed Jory
 67633 | Crypt:2  | Killed Jory
 67764 | Crypt:2  | Found a runed translucent gate.
 67764 | Crypt:2  | Found a runed translucent gate.
 67764 | Crypt:2  | Found a runed translucent gate.
 67765 | Crypt:2  | Found an ancient bone altar of Kikubaaqudgha.
 67765 | Crypt:2  | Noticed a dread lich
 67766 | Crypt:2  | Noticed Zogul's ghost (veteran MiGl)
 67766 | Crypt:2  | Noticed an ancient lich
 67766 | Crypt:2  | Noticed an ancient lich
 67892 | Crypt:3  | Entered Level 3 of the Crypt
 67899 | Crypt:3  | Found a runed translucent door.
 68395 | Crypt:3  | Noticed Uroast's ghost (veteran MiGl)
 68395 | Crypt:3  | Found the +7 great mace "Firestarter" {inner flame, rF++}
 68429 | Crypt:3  | Killed Uroast's ghost
 68545 | Crypt:3  | Identified the ring of Yseaw {Fire Dex+3}
 70286 | Crypt:3  | Found a staircase to the Tomb.
 70334 | Crypt:3  | Reached skill level 10 in Long Blades
 70750 | Crypt:3  | Found a runed translucent gate.
 70754 | Crypt:3  | Found a runed translucent gate.
 70755 | Crypt:3  | Found a runed translucent gate.
 70817 | Crypt:3  | Identified the +3 glaive of the Viny God {freeze, Int+2}
 70872 | Crypt:3  | Identified the +5 quick blade "Giantbane" {freeze, Fly rN+
                  | Dex+9}
 70915 | Crypt:3  | Found an ancient bone altar of Kikubaaqudgha.
 70919 | Crypt:3  | Found a basalt altar of Yredelemnul.
 70928 | Crypt:3  | Identified the +0 robe of Hityffif {Dex+3}
 70975 | Crypt:3  | Identified the +3 battleaxe "Kulul" {freeze, Will+ rCorr}
 71190 | Crypt:2  | Killed a dread lich
 71207 | Crypt:2  | Killed an ancient lich
 71211 | Crypt:2  | HP: 5/238 [ancient lich/bolt of acid (59)]
 71435 | Crypt:1  | Pacified an ancient lich
 71446 | Crypt:1  | Killed an ancient lich
 71588 | Crypt:2  | Identified the +5 hand axe of Pain and Death {flame, Int+4}
 71595 | Crypt:2  | Identified the +2 pair of boots "Rikh" {rN+ rCorr Str+2
                  | SInv}
 71612 | Crypt:2  | Identified the amulet "Utoelac" {Harm rPois Regen+ rCorr
                  | Stlth-}
 72546 | Slime:1  | Entered Level 1 of the Pits of Slime
 72570 | Slime:1  | Reached XP level 25. HP: 244/245 MP: 37/37
 72576 | Slime:1  | Reached skill level 1 in Axes
 72891 | Slime:1  | Reached skill level 1 in Ranged Weapons
 73290 | Slime:3  | Reached ***** piety under Elyvilon
 73477 | Slime:4  | Gained mutation: You are weak. (Str -2) [a shining eye]
 73493 | Slime:3  | Reached skill level 5 in Axes
 73505 | Slime:3  | Gained mutation: You occasionally shout uncontrollably at
                  | your foes. [a shining eye]
 74211 | Slime:2  | Found a viscous altar of Jiyva.
 74911 | Slime:3  | Gained mutation: You occasionally lose the ability to drink
                  | potions when taking damage. [a shining eye]
 74925 | Slime:4  | Gained mutation: You sometimes lose the ability to drink
                  | potions when taking damage. [a shining eye]
 74932 | Slime:4  | Gained mutation: You have hidden genetic defects. [a
                  | shining eye]
 74933 | Slime:4  | Gained mutation: You are clumsy. (Dex -2) [a shining eye]
 74958 | Slime:4  | Gained mutation: You do not regenerate when monsters are
                  | visible. [a shining eye]
 74961 | Slime:4  | Gained mutation: You are very weak. (Str -4) [a shining
                  | eye]
 75190 | Slime:5  | Entered Level 5 of the Pits of Slime
 75276 | Slime:3  | Reached skill level 5 in Ranged Weapons
 75558 | Lair:1   | Lost mutation: You sometimes lose the ability to drink
                  | potions when taking damage. [potion of mutation]
 75558 | Lair:1   | Lost mutation: You have hidden genetic defects. [potion of
                  | mutation]
 75558 | Lair:1   | Lost mutation: You do not regenerate when monsters are
                  | visible. [potion of mutation]
 75558 | Lair:1   | Gained mutation: You possess an exceptional clarity of
                  | mind. [potion of mutation]
 75558 | Lair:1   | Gained mutation: Your flesh is cold resistant. (rC+)
                  | [potion of mutation]
 75559 | Lair:1   | Lost mutation: You are clumsy. (Dex -2) [potion of
                  | mutation]
 75559 | Lair:1   | Lost mutation: You occasionally lose the ability to drink
                  | potions when taking damage. [potion of mutation]
 75559 | Lair:1   | Lost mutation: You occasionally shout uncontrollably at
                  | your foes. [potion of mutation]
 75559 | Lair:1   | Gained mutation: You have a pair of small horns on your
                  | head. [potion of mutation]
 75560 | Lair:1   | Lost mutation: You have a pair of small horns on your head.
                  | [potion of mutation]
 75560 | Lair:1   | Lost mutation: You possess an exceptional clarity of mind.
                  | [potion of mutation]
 75560 | Lair:1   | Gained mutation: Your magical capacity is low. (-10% MP)
                  | [potion of mutation]
 75561 | Lair:1   | Lost mutation: Your flesh is cold resistant. (rC+) [potion
                  | of mutation]
 75561 | Lair:1   | Lost mutation: You are very weak. (Str -4) [potion of
                  | mutation]
 75561 | Lair:1   | Gained mutation: You are robust. (+10% HP) [potion of
                  | mutation]
 75561 | Lair:1   | Gained mutation: You are partially covered in iridescent
                  | scales. (AC +2) [potion of mutation]
 75738 | Slime:5  | Gained mutation: You occasionally shout uncontrollably at
                  | your foes. [a shining eye]
 75751 | Slime:4  | Gained mutation: Your magical capacity is very low. (-20%
                  | MP) [a shining eye]
 76035 | Slime:5  | Noticed the Royal Jelly
 76046 | Slime:5  | Was placed under penance by Elyvilon
 76069 | Slime:5  | Killed the Royal Jelly
 77843 | Slime:5  | Identified the +2 cloak of Immorality {rN+ Slay+2}
 77888 | Slime:5  | Identified the +8 hand axe of Losup {vorpal, *Rage rF+
                  | Str+3}
 77935 | Slime:5  | Got Qiuxucki's Papyrus of Geometric Transmigration
 77937 | Slime:5  | Got a slimy rune of Zot
 77964 | Slime:5  | Identified the +2 ring mail of Context {Rampage Regen+
                  | Int+5 Dex-5}
 77969 | Slime:5  | Identified the ring of Latotue {rC- Will+ Str+7 Dex+2 SInv}
 77988 | Slime:5  | Identified the +5 ring mail of the Seven Allies {rC+}
 78699 | Lair:1   | Lost mutation: You are robust. (+10% HP) [potion of
                  | mutation]
 78699 | Lair:1   | Lost mutation: Your magical capacity is very low. (-20% MP)
                  | [potion of mutation]
 78699 | Lair:1   | Gained mutation: You occasionally lose the ability to read
                  | scrolls when taking damage. [potion of mutation]
 78699 | Lair:1   | Gained mutation: Your flesh is heat resistant. (rF+)
                  | [potion of mutation]
 78699 | Lair:1   | Gained mutation: You have hidden genetic potential. [potion
                  | of mutation]
 78700 | Lair:1   | Lost mutation: You have hidden genetic potential. [potion
                  | of mutation]
 78700 | Lair:1   | Lost mutation: Your flesh is heat resistant. (rF+) [potion
                  | of mutation]
 78700 | Lair:1   | Gained mutation: Your natural rate of healing is unusually
                  | fast. [potion of mutation]
 78701 | Lair:1   | Lost mutation: You are weak. (Str -2) [potion of mutation]
 78701 | Lair:1   | Lost mutation: Your magical capacity is low. (-10% MP)
                  | [potion of mutation]
 78701 | Lair:1   | Gained mutation: You are robust. (+10% HP) [potion of
                  | mutation]
 78701 | Lair:1   | Gained mutation: Your muscles are strong. (Str +4, Int/Dex
                  | -1) [potion of mutation]
 78701 | Lair:1   | Gained mutation: Your muscles are very strong. (Str +8,
                  | Int/Dex -2) [potion of mutation]
 78702 | Lair:1   | Lost mutation: You are partially covered in iridescent
                  | scales. (AC +2) [potion of mutation]
 78702 | Lair:1   | Lost mutation: You are robust. (+10% HP) [potion of
                  | mutation]
 78702 | Lair:1   | Gained mutation: You are resistant to electric shocks.
                  | (rElec) [potion of mutation]
 78702 | Lair:1   | Gained mutation: You heal very quickly. [potion of
                  | mutation]
 78914 | Depths:2 | Bought a potion of haste for 180 gold pieces
 78914 | Depths:2 | Bought 2 potions of haste for 360 gold pieces
 78914 | Depths:2 | Bought 2 potions of haste for 360 gold pieces
 79257 | D:3      | Bought a potion of cancellation for 104 gold pieces
 79797 | Zot:1    | Entered Level 1 of the Realm of Zot
 80664 | Zot:1    | Reached XP level 26. HP: 246/254 MP: 38/38
 81786 | Elf:2    | Bought a +6 ring of dexterity for 396 gold pieces
 82256 | Elf:2    | Bought a potion of lignification for 45 gold pieces
 82256 | Elf:2    | Bought a potion of attraction for 45 gold pieces
 82932 | Zot:2    | Noticed Grunn
 82947 | Zot:2    | Upgraded the game from 0.29-a0-841-g116ddc6ace to
                  | 0.29-a0-845-g6161e89988
 83366 | Zot:3    | Noticed a Killer Klown
 83389 | Zot:3    | Killed a Killer Klown
 83912 | Zot:2    | Noticed Xitz's ghost (veteran DsCj)
 83917 | Zot:2    | HP: 1/241 [reaper/+6 scythe of protection[a doom hound]
                  | (22)]
 84241 | Pan      | Entered Pandemonium
 84338 | Pan      | Noticed Nogejila the pandemonium lord
 84349 | Pan      | HP: 6/253 [balrug/divine providence (9)]
 84350 | Pan      | Demolished by an Ice Fiend

Illustrated notes

Levels and vault maps discovered:
D:1:      minmay_arrival_arboretum_small, layout_rooms
D:2:      layout_rooms, serial_shops, nicolae_shop_hallway_plus
D:3:      layout_loops_corners, mainiacjoe_overflow_alcove_4,
          ebering_ghost_rock_garden, serial_shops,
          nicolae_shop_temple_entry_statues_fountains,
          nicolae_shop_window_shopping
D:4:      layout_loops_corners, mainiacjoe_overflow_boulevard,
          mainiacjoe_overflow_chevrons, enter_ossuary_3,
          minmay_stone_trees_small, minmay_vboxes, uniq_eustachio
D:5:      minmay_spotlight, layout_loops_cross, kennysheep_mini_moat
D:6:      layout_cave_pods, nicolae_wu_jian_immortal_techniques, uniq_menkaure
D:7:      layout_rooms, zin_treasury, minmay_temple_entry_from_below_a,
          hangedman_decor_peaks_small, grunt_ministairs_8, uniq_pikel
D:8:      layout_loops_corners, nicolae_qazlal_general_emergency,
          fedhas_bush_and_centaur_altar, gammafunk_temple_overflow_elements,
          nicolae_overflow_hidden_temple, enter_bailey_3
D:9:      layout_rooms
D:10:     wad_lake_hut, layout_basic, elyvilon_altar_1, nicolae_ru_path_of_blood
D:11:     layout_irregular_city, dpeg_oklobed_lair
D:12:     layout_roguey, david_orc_4, kennysheep_generic_room_8, uniq_rupert,
          uniq_gastronok
D:13:     layout_roguey, serial_shops, shop, minmay_misc_feat_enclosed,
          uniq_josephine
D:14:     layout_irregular_city, david_vaults_5, amcnicky_mini_pool_small,
          minivault_20, tgw_xom, uniq_roxanne
D:15:     hangedman_depths_entry_civil_slaughter, layout_loops_ring,
          gammafunk_ghost_hydra_chop, hangedman_devilish_allure
Temple:   kb_corrupted_temple
Lair:1:   layout_regular_city, nicolae_volcano_entry_batcave,
          grunt_megastairs_4, uniq_harold, uniq_erica, uniq_joseph
Lair:2:   layout_loops_ring, minmay_swamp_entry_wisps,
          nicolae_spider_entry_tight_spaces
Lair:3:   layout_concentric_octagons, chequers_serial_rivers_micro_e
Lair:4:   layout_hall_layers, dpeg_oklob_1
Lair:5:   layout_small_grid, ebering_ghost_rock_garden, nicolae_lair_yak_garden
Lair:6:   minmay_lair_end_frog_pond, layout_regular_city,
          dpeg_slime_entry_corner, portal_ice_cave_entry_ice_simulacra,
          st_stairs_7
Swamp:1:  layout_falls_marsh, gammafunk_ghost_grave,
          nicolae_swamp_very_dense_foliage
Swamp:2:  layout_falls_marsh, evilmike_swamp_ruin_rubble_2
Swamp:3:  layout_falls_marsh, hangedman_swamp_ruin_wall, swamp_pool3,
          nicolae_swamp_small_spring
Swamp:4:  swamp_alternative, layout_basic_swamp
Spider:1: layout_chambers, nicolae_spider_wall_of_niches
Spider:2: layout_spider_delve
Spider:3: layout_chambers, drop_trap, uniq_azrael
Spider:4: hellmonk_spider_rune_endless_swarm
Slime:1:  layout_caves
Slime:2:  layout_caves, basic_altar, cheibrodos_slime_lost_civilization_5
Slime:3:  layout_caves, nicolae_slime_welcoming_committee
Slime:4:  layout_caves, nicolae_slime_round_cave
Slime:5
Orc:1:    layout_diamond_mine, serial_shops, shop, nicolae_orc_lava_tube,
          minmay_orc_barracks, uniq_urug, uniq_nergalle, uniq_maurice
Orc:2:    st_orc_mages, layout_diamond_mine, abandoned_shop
Elf:1:    elf_arrival_002, layout_loops_cross, serial_shops, shop,
          hangedman_elven_crosses_minicolossus
Elf:2:    nicolae_elf_blades_splatter_lattice [nicolae_blade_lattice],
          layout_geoelf_grid, serial_shops, shop, nicolae_stop_n_shop_2,
          nicolae_shop_stone, nicolae_shop_crystal, basic_altar,
          guppyfry_elf_garden
Elf:3:    grunt_elf_hall_diamonds, layout_geoelf_diagonals, basic_altar
Vaults:1: ontoclasm_vaults_ring_square, hangedman_vaults_hat, v_misc_30,
          grunt_vaults_diagonal, hangedman_vaults_stream,
          ontoclasm_vaults_bender, vaults_room_stairs_pillars,
          ontoclasm_vaults_ring_small, layout_vaults_omnicross
Vaults:2: gammafunk_ghost_grave, vaults_room_grunt_arrival_checkpoint,
          serial_ice_m, v_misc_3, nicolae_vaults_network_periphery,
          grunt_vaults_funnel, hangedman_vaults_stagger, grunt_vaults_bifocal,
          grunt_vaults_focal, hangedman_vaults_variations, vaults_dpeg_hooks,
          layout_vaults_omnibox, serial_shops, shop_coins, uniq_donald
Vaults:3: dpeg_vaults_monster_box, ontoclasm_vaults_hangar,
          nicolae_vaults_diagonal_hallway_8, minmay_crypt_entry_simple_round,
          nicolae_vaults_windows_and_doors_thing, ontoclasm_vaults_ring_square,
          nicolae_vaults_meeting, v_misc_25, nicolae_vaults_shelves_hall,
          ontoclasm_vaults_ring_small, layout_vaults_quadrants, serial_shops,
          shop
Vaults:4: vaults_room_pools, ontoclasm_vaults_idyll,
          nicolae_vaults_twisting_passages, nicolae_vaults_asterisk,
          hangedman_vaults_impose, v_misc_12, vaults_room_stairs_pillars,
          hangedman_vaults_corner, v_alt_pattern_1, vaults_room_semicircle,
          nicolae_vaults_rhombus_5, v_pattern_2, ontoclasm_vaults_ring_square,
          ontoclasm_vaults_fault, nicolae_vaults_yaktaur_gun_rack,
          layout_vaults_ring
Crypt:1:  layout_catacombs, uniq_sojobo
Crypt:2:  layout_basic, gammafunk_ghost_crypt, nicolae_crypt_cryptocurrency,
          minivault_19, due_unseen_surprise, uniq_jory
Crypt:3:  lightli_unholy_cathedral, layout_chaotic_city,
          nicolae_tomb_entry_unfolded_pyramid_orthogonal,
          ebering_ghost_reflecting_pool, pandoras_box_mu
Depths:1: layout_roguey, grunt_gozag_statues, hell_entry, grunt_ministairs_6,
          nicolae_uskayaw_en_pointe, kennysheep_random_hallway
Depths:2: regret_index_dithmenos_brocken_genspenst, layout_gridlike,
          abyss_entry_glasseish, nicolae_elevator_lobby_plus, hell_entry,
          pan_entry, serial_shops, shop, nicolae_diode_quadrants
Depths:3: ragdoll_tomb_raider, layout_twisted_cross, hell_entry,
          abyss_entry_crystal
Depths:4: grunt_x_marks_the_spot, layout_gridville, enter_ziggurat_e,
          chequers_serial_rivers_small_b, hell_entry
Zot:1:    layout_misc_corridors
Zot:2:    layout_basic, gammafunk_ghost_arena, nicolae_diode_basic, uniq_grunn
Zot:3:    nicolae_zot_stationary_front, layout_onion_interference,
          zot_minivault_4
Pan:      evilmike_mini_pan_thingy, layout_rooms

Skill      XL: |  1  2  3  4  5  6  7  8  9 10 11 12 13 14 15 16 17 18 19 20 21 22 23 24 25 26 |
---------------+-------------------------------------------------------------------------------+-----
Fighting       | 4 5 6 7 9 10 12 13 14 15 17 18 19 20 21 22 24 | 24.0
Polearms       | 4 5 6 7 8 11 14 | 14.0
Short Blades   | 2 3 |  3.8
Armour         | 6 7 9 10 12 14 15 16 18 20 | 20.0
Shields        | 3 5 7 10 12 13 15 16 17 18 | 18.0
Invocations    | 3 7 10 12 14 16 17 18 20 21 22 23 | 23.6
Dodging        | 5 9 12 13 14 | 14.0
Evocations     | 3 5 7 9 10 12 14 15 16 | 16.0
Throwing       | 5 6 8 10 | 10.1
Long Blades    | 3 11 12 | 12.1
Axes           | 9 |  9.3
Ranged Weapons | 8 |  8.0
Stealth        | |  1.5

Action                   |  1- 3 |  4- 6 |  7- 9 | 10-12 | 13-15 | 16-18 | 19-21 | 22-24 | 25-27 || total
-------------------------+-------+-------+-------+-------+-------+-------+-------+-------+-------++-------
Melee: Spear             |    70 |       |       |       |       |       |       |       |       ||    70
       Short sword       |    38 |   115 |   211 |       |       |       |       |       |       ||   364
       Trident           |       |   167 |   290 |  1022 |   941 |  1938 |  1961 |  1506 |       ||  7825
       Eudemon blade     |       |       |       |       |       |       |       |   864 |   589 ||  1453
       Battleaxe         |       |       |       |       |       |       |       |    17 |   542 ||   559
       Quick blade       |       |       |       |       |       |       |       |       |    13 ||    13
 Fire: Sling             |       |       |       |    13 |     9 |       |       |    19 |    18 ||    59
Throw: Dart              |       |       |       |    13 |       |     7 |     7 |       |       ||    27
       Boomerang         |       |       |       |       |     6 |    37 |       |       |       ||    43
       Javelin           |       |       |       |       |       |       |       |     6 |     6 ||    12
Invok: Cleansing Flame   |       |       |       |     1 |     2 |     8 |     5 |     9 |       ||    25
       Divine Shield     |       |       |       |       |     1 |       |       |       |       ||     1
       Summon Divine War |       |       |       |       |     2 |     3 |     6 |     6 |       ||    17
       Heal Other        |       |       |       |       |       |       |       |    12 |       ||    12
       Brand Weapon With |       |       |       |       |       |       |       |     1 |       ||     1
       Heal Self         |       |       |       |       |       |       |       |     1 |     2 ||     3
       Purification      |       |       |       |       |       |       |       |     1 |       ||     1
Evoke: Wand              |       |       |       |     5 |     3 |    10 |     6 |     6 |    17 ||    47
       Tin of tremorston |       |       |       |       |     1 |     5 |       |     5 |     6 ||    17
       Lightning rod     |       |       |       |       |       |     8 |     2 |     9 |     7 ||    26
       Box of beasts     |       |       |       |       |       |       |     1 |     1 |     2 ||     4
       Phantom mirror    |       |       |       |       |       |       |       |     1 |     3 ||     4
  Use: Scroll            |       |     8 |     5 |    12 |     8 |     7 |    11 |    25 |    14 ||    90
       Potion            |       |       |     4 |    11 |     7 |     3 |     7 |    15 |    30 ||    77
 Stab: Sleeping          |     2 |     1 |       |       |       |       |       |       |       ||     3
       Invisible         |       |       |       |     1 |       |       |       |       |       ||     1
       Paralysed         |       |       |       |       |       |       |       |       |    11 ||    11
Armor: Robe              |    18 |     3 |       |       |       |       |       |       |       ||    21
       Scale mail        |       |    99 |   174 |   210 |   189 |   487 |   415 |   130 |       ||  1704
       Skin              |       |       |    43 |   193 |       |       |       |       |       ||   236
       Chain mail        |       |       |       |       |       |       |    46 |    35 |   186 ||   267
       Ice dragon scales |       |       |       |       |       |       |       |   605 |   569 ||  1174
Dodge: Dodged            |    71 |    99 |   189 |   288 |   269 |   985 |   772 |   911 |  1056 ||  4640
Block: Buckler           |       |    27 |    52 |   148 |   108 |   344 |   174 |       |       ||   853
       Kite shield       |       |       |       |       |       |       |   383 |  1167 |   493 ||  2043

Table legend: (Time is in decaauts)
 A = Elapsed time spent in this place.
 B = Non-inter-level travel time spent in this place.
 C = Inter-level travel time spent in this place.
 D = Time resting spent in this place.
 E = Time spent auto-exploring this place.
 F = Levels seen in this place.
 G = Mean time per level.
                   A        B        C        D        E       F      G
               +--------+--------+--------+--------+--------+-----+--------+
         Total |  82084 |  67315 |  14769 |  18470 |  28070 |  58 | 1415.2 |
       Dungeon |  22199 |  15620 |   6579 |   3542 |   8287 |  15 | 1479.9 |
        Temple |    146 |    130 |     16 |      0 |     96 |   1 |  146.0 |
          Lair |  11056 |   8569 |   2487 |   1595 |   3448 |   6 | 1842.7 |
         Swamp |   3725 |   3539 |    186 |   1178 |   1599 |   4 |  931.2 |
   Spider Nest |   6847 |   6448 |    399 |   1757 |   3038 |   4 | 1711.8 |
    Slime Pits |   5605 |   5189 |    416 |   2132 |   1387 |   5 | 1121.0 |
  Orcish Mines |   2641 |   1939 |    702 |    392 |    902 |   2 | 1320.5 |
   Elven Halls |   6088 |   5132 |    956 |   1734 |   1538 |   3 | 2029.3 |
        Vaults |   8072 |   6885 |   1187 |   2075 |   3138 |   4 | 2018.0 |
         Crypt |   5354 |   4944 |    410 |   1467 |   1705 |   3 | 1784.7 |
        Depths |   6370 |   4995 |   1375 |   1268 |   2389 |   4 | 1592.5 |
           Zot |   2276 |   2223 |     53 |    894 |    471 |   3 |  758.7 |
   Pandemonium |     92 |     92 |      0 |     17 |     17 |   1 |   92.0 |
       Ossuary |    588 |    588 |      0 |    126 |      0 |   1 |  588.0 |
        Bailey |    243 |    243 |      0 |     67 |     54 |   1 |  243.0 |
      Ice Cave |    774 |    774 |      0 |    221 |      0 |   1 |  774.0 |
               +--------+--------+--------+--------+--------+-----+--------+

Top non-repeatable levels by time:
  Lair:1: 4719 daAuts
    D:12: 2851 daAuts
    D:14: 2840 daAuts
   Elf:1: 2488 daAuts
Vaults:1: 2386 daAuts
    D:11: 2328 daAuts
   Elf:2: 2245 daAuts
Vaults:3: 2062 daAuts
Spider:1: 1999 daAuts
 Crypt:2: 1984 daAuts
Spider:4: 1983 daAuts
 Slime:4: 1916 daAuts
Spider:3: 1885 daAuts
 Crypt:3: 1871 daAuts
Vaults:4: 1848 daAuts
